 Dungeon Crawl Stone Soup version 0.18.1-47-g9310371 (webtiles) character file.

4145 Ery the Basher (level 10, -13/91 HPs)
             Began as a Minotaur Berserker on June 13, 2016.
             Was a High Priest of Trog.
             Mangled by a swamp worm (14 damage)
             ... on level 8 of the Dungeon.
             The game lasted 00:23:19 (5349 turns).

Ery the Basher (Minotaur Berserker)                 Turns: 5349, Time: 00:23:19

Health: -13/91     AC: 20    Str: 22    XL:     10   Next: 7%
Magic:  9/9        EV:  9    Int:  9    God:    Trog [*****.]
Gold:   455        SH:  0    Dex: 13    Spells: 0 memorised, 9 levels left

rFire  . . .     SeeInvis .     u - +0 mace (protect)
rCold  . . .     Gourm    +     z - +0 plate armour
rNeg   + . .     Faith    .     (no shield)
rPois  .         Spirit   .     (helmet restricted)
rElec  .         Dismiss  .     (no cloak)
rCorr  .         Reflect  .     (no gloves)
SustAt .         Harm     .     j - +0 pair of boots
MR     .....                    o - amulet of the gourmand
Stlth  ..........               d - +3 ring of slaying
                                V - ring of positive energy

@: brilliant, exhausted, slowed, very slow, not resistant to hostile
enchantments, extremely unstealthy
A: retaliatory headbutt, horns 2
a: Berserk, Trog's Hand, Brothers in Arms, Burn Spellbooks, Renounce Religion


You were on level 8 of the Dungeon.
You worshipped Trog.
Trog was extremely pleased with you.
You were not hungry.

You visited 1 branch of the dungeon, and saw 8 of its levels.

You collected 455 gold pieces.

Inventory:

Hand Weapons
 u - a +0 mace of protection (weapon)
Armour
 j - a +0 pair of boots (worn)
 z - a +0 plate armour (worn)
 C - the +2 robe of a Hundred Stars {rElec rC+++ MP+9 Int-3}
   (You found it on level 4 of the Dungeon)

   It affects your intelligence (-3).
   It renders you almost immune to cold.
   It insulates you from electricity.
   It affects your magic capacity (+9).
Jewellery
 d - a +3 ring of slaying (right hand)
 k - an uncursed ring of protection from fire
 o - an amulet of the gourmand (around neck)
 y - an uncursed ring of flight
 G - an uncursed amulet of guardian spirit
 Q - an uncursed ring of magical power
 V - a ring of positive energy (left hand)
Wands
 A - a wand of heal wounds (6/9)
Scrolls
 l - a scroll of recharging
 p - 2 scrolls of fear
 t - 3 scrolls of blinking
 v - 2 scrolls of teleportation
 w - a scroll of noise {unknown}
 x - 4 scrolls of enchant weapon
 B - 4 scrolls of remove curse
 D - a scroll of enchant armour {unknown}
 F - a scroll of amnesia {unknown}
 L - 2 scrolls of magic mapping
 N - a scroll of fog {unknown}
 U - a scroll of holy word {unknown}
Potions
 a - 2 potions of invisibility {unknown}
 b - a potion of agility {unknown}
 f - 3 potions of brilliance
 g - a potion of haste {unknown}
 h - a potion of resistance {unknown}
 i - 2 potions of lignification {unknown}
 m - 3 potions of might {unknown}
 n - 2 potions of flight {unknown}
 s - 3 potions of cure mutation {unknown}
 H - a potion of mutation {unknown}
 I - a potion of magic {unknown}
 J - 2 potions of curing {unknown}
 R - a potion of heal wounds {unknown}
 T - 2 potions of degeneration {unknown}
Books
 q - a book of Flames

   Spells                             Type                      Level
   a - Flame Tongue                   Conjuration/Fire             1
   b - Throw Flame                    Conjuration/Fire             2
   c - Conjure Flame                  Conjuration/Fire             3
   d - Inner Flame                    Hexes/Fire                   3
   e - Sticky Flame                   Conjuration/Fire             4
   f - Fireball                       Conjuration/Fire             5
   Trog disapproves of the use of such an item.
 P - a book of Beasts

   Spells                             Type                      Level
   a - Summon Butterflies             Summoning                    1
   b - Call Canine Familiar           Summoning                    3
   c - Summon Ice Beast               Ice/Summoning                4
   d - Summon Mana Viper              Hexes/Summoning              5
   e - Summon Hydra                   Summoning                    7
   Trog disapproves of the use of such an item.
 S - a book of Enchantments

   Spells                             Type                      Level
   a - Cause Fear                     Hexes                        4
   b - Yara's Violent Unravelling     Hexes/Transmutation          5
   c - Silence                        Hexes/Air                    5
   d - Deflect Missiles               Charms/Air                   6
   e - Haste                          Charms                       6
   f - Discord                        Hexes                        8
   Trog disapproves of the use of such an item.
Comestibles
 c - 3 bread rations
 r - 6 meat rations
 E - 6 beef jerkies
 W - 7 slices of pizza


   Skills:
 + Level 9.4 Fighting
 + Level 11.3 Maces & Flails
 + Level 9.4 Armour
 + Level 5.3 Dodging


You had 9 spell levels left.
You didn't know any spells.

Dungeon Overview and Level Annotations

Branches:
Dungeon (8/15)             Temple (0/1) D:6
   Lair: D:8-11

Altars:
Ashenzari
Dithmenos
Elyvilon
Makhleb
Pakellas
Qazlal
Ru
Vehumet
Xom
Zin
The Shining One

Shops:
D:6 %


Innate Abilities, Weirdness & Mutations

You reflexively headbutt those who attack you in melee.
You have a pair of horns on your head.


Message History

* * * LOW HITPOINT WARNING * * *
Your unstable footing causes you to fumble your attack.
The swamp worm barely misses you.
Unknown command.
You hit the swamp worm. You headbutt the swamp worm.
The swamp worm is moderately wounded.
The swamp worm bites you!
* * * LOW HITPOINT WARNING * * *
The swamp worm bites you but does no damage.
Your unstable footing causes you to fumble your attack.
The swamp worm bites you!
* * * LOW HITPOINT WARNING * * *
Unknown command.
It was a potion of brilliance.
You feel clever all of a sudden. The swamp worm closely misses you.
You furiously retaliate!
You headbutt the swamp worm! The swamp worm bites you.
* * * LOW HITPOINT WARNING * * *
The swamp worm bites you!
You die...

########## ########
#.........
≈≈≈...###.########
≈≈≈≈..##.########
#######≈≈≈...>.....#.<
##≈≈≈≈†#P≈≈##..........
#(≈≈≈w@††≈≈##..######..
≈≈##≈≈≈≈†#P≈≈....# #.#
≈≈≈#######≈≈≈###.# #.#
.≈≈≈≈≈≈≈≈≈≈≈##
#.######.# #≈≈≈≈≈≈≈.##
#......... ####....#
####...... ..<####...##
##.##.# #......### #
#.# ...###### #..


You could see a swamp worm.

Vanquished Creatures
  The ghost of Kloppie the Basher, a novice GrBe of Trog (D:7)
  A human (D:7)
  Eustachio (D:5)
  A hungry ghost (D:8)
  A swamp worm (D:8)
  2 water moccasins
  A sky beast (D:6)
  2 wasps
  An ice beast (D:4)
  A necrophage (D:6)
  A phantom (D:4)
  2 centaurs (D:5)
  An ogre (D:8)
  A giant frog (D:6)
  A wyvern skeleton (D:7)
  4 scorpions
  2 jellies (D:6)
  4 howler monkeys
  3 crimson imps
  2 centaur zombies
  4 giant frog zombies
  A quasit (D:6)
  A centaur skeleton (D:5)
  7 orc priests
  3 hounds
  A giant frog skeleton (D:6)
  9 orc wizards
  An iguana (D:6)
  9 worker ants
  4 sheep (D:7)
  A hound zombie (D:4)
  A hound skeleton (D:7)
  A howler monkey zombie (D:4)
  5 worker ant zombies
  7 adders
  3 gnolls (D:6)
  A shadow imp (D:8)
  2 oozes
  3 adder skeletons (D:4)
  An adder zombie (D:6)
  14 worms
  7 giant geckos
  24 orcs
  7 bats
  8 giant cockroaches
  7 goblins
  3 hobgoblins
  5 jackals
  A quokka (D:4)
  A ball python (D:2)
  A ball python skeleton (D:4)
  A giant cockroach zombie (D:4)
  A giant newt (D:2)
  A jackal skeleton (D:4)
  9 kobolds
  A quokka zombie (D:4)
  5 rats
194 creatures vanquished.

Vanquished Creatures (others)
  2 plants (D:8)
2 creatures vanquished.

Grand Total: 196 creatures vanquished

Notes
Turn   | Place    | Note
--------------------------------------------------------------
     0 | D:1      | Ery the Minotaur Berserker began the quest for the Orb.
     0 | D:1      | Reached XP level 1. HP: 19/19 MP: 0/0
   255 | D:1      | Reached XP level 2. HP: 27/27 MP: 1/1
   607 | D:1      | Reached skill level 4 in Maces & Flails
   653 | D:2      | Reached XP level 3. HP: 34/34 MP: 2/2
   693 | D:2      | Reached ** piety under Trog
   722 | D:2      | Found a burning altar of Makhleb.
   765 | D:2      | Noticed an air elemental
   767 | D:2      | Found a stormy altar of Qazlal.
   768 | D:2      | Noticed an earth elemental
   768 | D:2      | Noticed a water elemental
   768 | D:2      | Noticed a fire elemental
   828 | D:2      | Found a glowing silver altar of Zin.
   829 | D:2      | Noticed a green death
   829 | D:2      | Noticed an angel
  1079 | D:2      | Reached XP level 4. HP: 41/41 MP: 3/3
  1329 | D:3      | Found a sacrificial altar of Ru.
  1472 | D:3      | Reached skill level 5 in Fighting
  1474 | D:3      | Reached skill level 5 in Maces & Flails
  1474 | D:3      | Reached XP level 5. HP: 33/48 MP: 4/4
  1678 | D:3      | Found a glowing golden altar of the Shining One.
  1953 | D:4      | Noticed a phantom
  1955 | D:4      | Reached *** piety under Trog
  1985 | D:4      | Killed a phantom
  1985 | D:4      | Reached XP level 6. HP: 47/56 MP: 5/5
  2328 | D:4      | Reached skill level 6 in Maces & Flails
  2441 | D:4      | Got a heavy robe
  2452 | D:4      | Identified the +2 robe of a Hundred Stars {rElec rC+++ MP+9 Int-3} (You found it on level 4 of the Dungeon)
  2660 | D:5      | Entered Level 5 of the Dungeon
  2660 | D:5      | Noticed Eustachio
  2660 | D:5      | Noticed an ice beast
  2669 | D:4      | Killed an ice beast
  2669 | D:4      | Reached XP level 7. HP: 63/63 MP: 6/6
  2677 | D:5      | Killed Eustachio
  2677 | D:5      | Reached skill level 5 in Armour
  2967 | D:5      | Reached skill level 7 in Maces & Flails
  3008 | D:5      | Reached XP level 8. HP: 60/71 MP: 7/7
  3353 | D:6      | Found an oddly glowing altar of Pakellas.
  3384 | D:6      | Reached **** piety under Trog
  3400 | D:6      | Reached skill level 8 in Maces & Flails
  3435 | D:6      | Found a staircase to the Ecumenical Temple.
  3532 | D:6      | Reached skill level 5 in Dodging
  3585 | D:6      | Reached skill level 9 in Maces & Flails
  3629 | D:6      | Found a white marble altar of Elyvilon.
  3630 | D:6      | Found a shadowy altar of Dithmenos.
  3679 | D:6      | Reached XP level 9. HP: 69/81 MP: 8/8
  3738 | D:6      | Found a glowing drain.
  3754 | D:6      | Found Usuen's Food Boutique.
  3836 | D:6      | Found a radiant altar of Vehumet.
  3965 | D:6      | Found a shimmering altar of Xom.
  4334 | D:7      | Received a gift from Trog
  4509 | D:7      | Reached skill level 10 in Maces & Flails
  4629 | D:7      | Found a shattered altar of Ashenzari.
  4636 | D:7      | Noticed Kloppie's ghost (novice GrBe)
  4647 | D:7      | Found a shimmering altar of Xom.
  4719 | D:7      | Reached ***** piety under Trog
  4855 | D:7      | Received a gift from Trog
  5010 | D:7      | Killed Kloppie's ghost
  5104 | D:8      | Reached skill level 11 in Maces & Flails
  5153 | D:8      | Reached XP level 10. HP: 84/91 MP: 9/9
  5348 | D:8      | HP: 1/91 [swamp worm (6)]
  5349 | D:8      | Mangled by a swamp worm

Skill      XL: |  1  2  3  4  5  6  7  8  9 |
---------------+----------------------------+-----
Fighting       | 4 5 6 8 9 |  9.4
Maces & Flails | 4 5 6 7 9 11 | 11.3
Dodging        | 3 4 5 |  5.3
Armour         | 3 4 5 7 9 |  9.4

Action                   |  1- 3 |  4- 6 |  7- 9 | 10-12 || total
-------------------------+-------+-------+-------+-------++-------
Melee: Mace              |    53 |   119 |   307 |    59 ||   538
       Headbutt          |    12 |    27 |    77 |     7 ||   123
Invok: Berserk           |       |     2 |     1 |     1 ||     4
  Use: Scroll            |       |     4 |     5 |       ||     9
       Potion            |       |       |       |     1 ||     1
  Eat: Chunk             |       |     5 |    10 |     9 ||    24
       Bread ration      |       |     1 |       |       ||     1
Armor: Animal skin       |     6 |       |       |       ||     6
       Ring mail         |     9 |     1 |       |       ||    10
       Plate armour      |       |    86 |   231 |    16 ||   333
Dodge: Dodged            |    41 |    52 |   144 |    22 ||   259
